[Event "2024 Mary Thomson Cup (Division A)"]
[Site "Woodvale, Perth WA AUS"]
[Date "2024.01.31"]
[Round "1"]
[White "Maris, Rob"]
[Black "Elkington, Derek"]
[Result "1-0"]
[ECO "A35"]
[WhiteElo "2089"]
[BlackElo "1896"]
[PlyCount "53"]
[EventDate "2024.01.31"]
[EventType "tourn"]
[EventRounds "7"]
[EventCountry "AUS"]
[TimeControl "3600+30"]

1. c4 c5 2. Nf3 Nc6 3. d4 cxd4 4. Nxd4 g6 5. Nc3 Bg7 6. e3 Nf6 7. Be2 O-O 8.
O-O d6 9. b3 a6 10. Bb2 Bd7 11. Rc1 Rb8 12. Qd2 Nxd4 13. Qxd4 b5 14. Nd5 bxc4
15. Bxc4 Bb5 16. Rfd1 Bxc4 17. Rxc4 e5 18. Nxf6+ Qxf6 19. Qd5 Rfd8 20. Rc6 Rb5
21. Qd3 Bf8 22. Rxa6 Rb7 23. Rc1 Qh4 24. g3 Qh3 25. Bxe5 Rbd7 26. Bb2 f5 27.
Qd5+ 1-0

[Event "2024 Mary Thomson Cup (Division A)"]
[Site "Woodvale, Perth WA AUS"]
[Date "2024.01.31"]
[Round "1"]
[White "Plaganyi, Gyula"]
[Black "Wolstencroft, Alan"]
[Result "1-0"]
[ECO "B07"]
[WhiteElo "2053"]
[WhiteTitle "CM"]
[BlackElo "1900"]
[PlyCount "91"]
[EventDate "2024.01.31"]
[EventType "tourn"]
[EventRounds "7"]
[EventCountry "AUS"]
[TimeControl "3600+30"]

1. d4 Nf6 2. Bf4 d6 3. Nc3 g6 4. e4 c6 5. a4 Nbd7 6. Nf3 Bg7 7. Qd2 Qa5 8. Be2
O-O 9. O-O a6 10. h3 Qc7 11. b4 e5 12. dxe5 dxe5 13. Bg5 Re8 14. Rfd1 Nf8 15.
Qd6 Qxd6 16. Rxd6 Ne6 17. Be3 Bf8 18. Rd3 Bxb4 19. Nxe5 Bxc3 20. Rxc3 Nxe4 21.
Rc4 Nd6 22. Rc3 Ne4 23. Rc4 Nd6 24. Rc3 Ng7 25. Ng4 Ne4 26. Rc4 Bxg4 27. Bxg4
f5 28. Bf3 Rad8 29. Rb4 Rd7 30. Rab1 Ree7 31. g4 Kf7 32. Bxe4 Rxe4 33. Rxb7
Rxb7 34. Rxb7+ Kg8 35. Bh6 Ne6 36. Rb6 fxg4 37. Rxc6 gxh3 38. Rxa6 Nc5 39. Ra8+
Kf7 40. a5 h2+ 41. Kh1 Ne6 42. Be3 Kf6 43. Kxh2 Rc4 44. a6 Rxc2 45. a7 Ra2 46.
Rc8 1-0

[Event "2024 Mary Thomson Cup (Division A)"]
[Site "Woodvale, Perth WA AUS"]
[Date "2024.01.31"]
[Round "1"]
[White "Saxon, Marc"]
[Black "Curthoys, Edward"]
[Result "1/2-1/2"]
[ECO "B12"]
[WhiteElo "2034"]
[BlackElo "1906"]
[PlyCount "142"]
[EventDate "2024.01.31"]
[EventType "tourn"]
[EventRounds "7"]
[EventCountry "AUS"]
[TimeControl "3600+30"]

1. e4 c6 2. d4 d5 3. f3 e6 4. Nc3 Bb4 5. Bd2 dxe4 6. Nxe4 Be7 7. Ne2 Nd7 8. c4
Ngf6 9. Bc3 O-O 10. N2g3 Rb8 11. a4 h5 12. Qc2 h4 13. Nxf6+ Nxf6 14. Ne4 Qc7
15. Be2 b5 16. Ng5 b4 17. Bd2 Rd8 18. Be3 c5 19. Rd1 cxd4 20. Bxd4 e5 21. Bf2
b3 22. Rxd8+ Qxd8 23. Qb1 Qa5+ 24. Kf1 Qxa4 25. Bxh4 Qa2 26. Bd3 Ba6 27. Ke2
Qxb1 28. Rxb1 Rc8 29. Ra1 Bxc4 30. Rxa7 Bxd3+ 31. Kxd3 Nd5 32. Rd7 Nf4+ 33. Ke4
Ng6 34. g3 Bxg5 35. Bxg5 Rc2 36. Rd2 Rc4+ 37. Kd5 Rb4 38. Re2 f6 39. Bd2 Rd4+
40. Kc5 Rd3 41. Kc4 Rxf3 42. Bc3 Ne7 43. Kxb3 Nd5 44. Rd2 Ne3 45. Kb4 Nf1 46.
Re2 Kf7 47. Kc4 Ke6 48. Bd2 Nxd2+ 49. Rxd2 e4 50. b4 Rf1 51. Kc5 Rc1+ 52. Kb6
Ke5 53. b5 e3 54. Rd7 Ke6 55. Rd3 Re1 56. Kc5 Ke5 57. b6 Rc1+ 58. Kb4 Rb1+ 59.
Rb3 Rxb3+ 60. Kxb3 e2 61. b7 e1=Q 62. b8=Q+ Kf5 63. Qf4+ Kg6 64. h4 Qe6+ 65.
Kb4 Qe1+ 66. Kc4 Qe6+ 67. Kd4 Qf5 68. Ke3 Qc5+ 69. Kf3 Qc3+ 70. Kg4 Qc8+ 71.
Kf3 Qc3+ 1/2-1/2

[Event "2024 Mary Thomson Cup (Division A)"]
[Site "Woodvale, Perth WA AUS"]
[Date "2024.01.31"]
[Round "1"]
[White "Gibson, Jacob"]
[Black "Clarke, Daniel"]
[Result "1-0"]
[ECO "C83"]
[WhiteElo "1976"]
[BlackElo "1922"]
[PlyCount "91"]
[EventDate "2024.01.31"]
[EventType "tourn"]
[EventRounds "7"]
[EventCountry "AUS"]
[TimeControl "3600+30"]

1. e4 e5 2. Nf3 Nc6 3. Bb5 a6 4. Ba4 Nf6 5. O-O Nxe4 6. d4 b5 7. Bb3 d5 8. dxe5
Be6 9. Be3 Be7 10. c3 Nc5 11. Bc2 Nd7 12. Re1 Ndxe5 13. Nxe5 Nxe5 14. Bd4 Ng6
15. Bxg7 Rg8 16. Bxg6 Rxg7 17. Rxe6 hxg6 18. Re3 Rh7 19. a4 Kf8 20. Nd2 Bc5 21.
Rf3 c6 22. Nf1 Ra7 23. Qd3 Kg8 24. Ne3 Qh4 25. h3 Bxe3 26. Rxe3 b4 27. Rae1 Qc4
28. Re8+ Kg7 29. Qe3 c5 30. Qe5+ Kh6 31. cxb4 cxb4 32. Rd8 a5 33. Rxd5 Ra6 34.
Re4 Qc1+ 35. Kh2 g5 36. Rc4 f6 37. Qe2 Qb1 38. Rc2 Raa7 39. Rd6 Rhf7 40. h4
gxh4 41. Qe4 Kg7 42. Rdd2 Rfe7 43. Qg4+ Kf8 44. Qg6 Qa2 45. Rd8+ Re8 46. Rxe8#
1-0

[Event "2024 Mary Thomson Cup (Division B)"]
[Site "Woodvale, Perth WA AUS"]
[Date "2024.01.31"]
[Round "1"]
[White "De Yaak, Peter"]
[Black "Deng, Eric"]
[Result "1/2-1/2"]
[ECO "B22"]
[WhiteElo "1897"]
[BlackElo "1733"]
[PlyCount "105"]
[EventDate "2024.01.31"]
[EventType "tourn"]
[EventRounds "7"]
[EventCountry "AUS"]
[TimeControl "3600+30"]

1. e4 c5 2. c3 d5 3. e5 Bf5 4. d4 e6 5. Nf3 Nc6 6. Bb5 a6 7. Bd3 Bg6 8. a3 c4
9. Bxg6 hxg6 10. b3 b5 11. h3 cxb3 12. Nbd2 Na5 13. Nxb3 Nc4 14. Nfd2 a5 15.
Nxc4 bxc4 16. Nc5 Bxc5 17. dxc5 a4 18. Rb1 Ne7 19. Bg5 Qc7 20. Bxe7 Qxe5+ 21.
Kf1 Kxe7 22. Rb7+ Kf6 23. Qf3+ Qf5 24. Ke2 Rhb8 25. Rhb1 Rxb7 26. Rxb7 Rc8 27.
Rb5 Ke7 28. Rb7+ Ke8 29. Qxf5 gxf5 30. Rb5 Kd7 31. Ke3 e5 32. f4 f6 33. Ra5 Rc7
34. Rxa4 Rxc5 35. Ra6 Rc7 36. fxe5 fxe5 37. Rg6 Ke8 38. Re6+ Re7 39. Rd6 d4+
40. cxd4 exd4+ 41. Kxd4 Re4+ 42. Kc3 Re3+ 43. Kxc4 Rxa3 44. Kd5 Kf7 45. Ke5 Rg3
46. Kxf5 Rxg2 47. Rd7+ Kg8 48. h4 Kh7 49. Kf4 Kh6 50. Rd6+ g6 51. Rd8 Rh2 52.
Rh8+ Kg7 53. Rb8 1/2-1/2

[Event "2024 Mary Thomson Cup (Division B)"]
[Site "Woodvale, Perth WA AUS"]
[Date "2024.01.31"]
[Round "1"]
[White "Janceski, Alex"]
[Black "Leonhardt, Wolfgang"]
[Result "1-0"]
[ECO "C00"]
[WhiteElo "1887"]
[BlackElo "1900"]
[PlyCount "77"]
[EventDate "2024.01.31"]
[EventType "tourn"]
[EventRounds "7"]
[EventCountry "AUS"]
[TimeControl "3600+30"]

1. e4 e6 2. Bc4 d5 3. exd5 exd5 4. Bb3 Nf6 5. d4 Bd6 6. Nf3 O-O 7. O-O h6 8. h3
Be6 9. Re1 Nbd7 10. Be3 b6 11. c3 Ne4 12. Nbd2 Nef6 13. Nf1 c5 14. dxc5 bxc5
15. Bc2 Qc7 16. b3 Rad8 17. Qe2 Rfe8 18. Rad1 Ne4 19. Bxe4 dxe4 20. N3h2 f5 21.
Bc1 Bf7 22. c4 Ne5 23. Qc2 Nd3 24. Re2 Be5 25. f3 Nxc1 26. Rxc1 Bd4+ 27. Kh1
Bg6 28. Rce1 Kh7 29. Qc1 Be5 30. fxe4 fxe4 31. Ng4 Bf4 32. Nge3 Re6 33. Qc2 Qe5
34. Nd5 Bg5 35. Qd3 exd3 36. Rxe5 Rf6 37. Ne7 d2 38. Nxg6 Kxg6 39. Rd1 1-0

[Event "2024 Mary Thomson Cup (Division B)"]
[Site "Woodvale, Perth WA AUS"]
[Date "2024.03.13"]
[Round "1"]
[White "Balavignan, Ashvin"]
[Black "Roebuck, Derek"]
[Result "1/2-1/2"]
[ECO "A06"]
[WhiteElo "1839"]
[BlackElo "1781"]
[PlyCount "114"]
[EventDate "2024.01.31"]
[EventType "tourn"]
[EventRounds "7"]
[EventCountry "AUS"]
[TimeControl "3600+30"]

1. b3 d5 2. Bb2 Nf6 3. d3 c5 4. Nd2 Nc6 5. Ngf3 e6 6. g3 Be7 7. Bg2 O-O 8. O-O
Qc7 9. Re1 e5 10. e4 d4 11. h3 h6 12. Nf1 Nh7 13. h4 Be6 14. N1h2 Qd7 15. Bc1
Nf6 16. a3 Bd6 {(=)} 17. Bd2 a5 18. Qc1 Kh7 19. a4 b6 20. Nf1 Bh3 21. N3h2 Bxg2
22. Kxg2 Ng4 23. Qd1 Nxh2 24. Nxh2 f5 25. exf5 Qxf5 26. Qf3 Qxf3+ 27. Nxf3 Rf7
28. Re2 Raf8 29. Nh2 Nb4 30. Bxb4 cxb4 31. Nf1 Rc7 32. Ra2 Rfc8 33. g4 g6 34.
Ng3 Re7 35. Ne4 Bc7 36. Nd2 Rce8 37. Ra1 g5 38. h5 Re6 39. Rae1 Bd6 40. Ne4 Bc7
41. Ng3 Bd6 42. Kf3 Bc5 43. Nf5 Kg8 44. Ke4 Rd8 45. Ng3 Kf7 46. Kf5 Rde8 47.
Ke4 Rd8 48. Kf3 Rde8 49. Kg2 Bd6 50. Nf1 Bc5 51. Nd2 Bd6 52. Nc4 Bc7 53. Kf3
R8e7 54. Re4 Rf6+ 55. Kg3 Rfe6 56. Nd2 Re8 57. Nc4 R8e7 1/2-1/2

[Event "2024 Mary Thomson Cup (Division B)"]
[Site "Woodvale, Perth WA AUS"]
[Date "2024.01.31"]
[Round "1"]
[White "Doshi, Chirag"]
[Black "Gough, Dylan"]
[Result "1/2-1/2"]
[ECO "B00"]
[WhiteElo "1836"]
[BlackElo "1784"]
[PlyCount "56"]
[EventDate "2024.01.31"]
[EventType "tourn"]
[EventRounds "7"]
[EventCountry "AUS"]
[TimeControl "3600+30"]

1. e4 Nc6 2. d4 d6 3. f4 e6 4. Nf3 g6 5. e5 dxe5 6. fxe5 a6 7. c3 Nge7 8. Bd3
b5 9. O-O h6 10. Nbd2 Bb7 11. Ne4 Bg7 12. Nf6+ Bxf6 13. exf6 Nd5 14. Ne5 Nxe5
15. dxe5 Qd7 16. Be4 O-O-O 17. Bxd5 Qxd5 18. Qxd5 Rxd5 19. Bf4 g5 20. Bg3 Rd2
21. Rf2 Rhd8 22. Rb1 R8d3 23. Kf1 Bd5 24. Ke1 Rxf2 25. Bxf2 Bxg2 26. Rd1 Rd5
27. Rxd5 Bxd5 28. a3 Kd7 1/2-1/2

[Event "2024 Mary Thomson Cup (Division C)"]
[Site "Woodvale, Perth WA AUS"]
[Date "2024.01.31"]
[Round "1"]
[White "Bhatia, Abhay"]
[Black "Sethuraman, Jaswanth Ram"]
[Result "1/2-1/2"]
[ECO "C66"]
[WhiteElo "1730"]
[BlackElo "1557"]
[PlyCount "98"]
[EventDate "2024.01.31"]
[EventType "tourn"]
[EventRounds "7"]
[EventCountry "AUS"]
[TimeControl "3600+30"]

1. e4 e5 2. Nf3 Nc6 3. Bb5 d6 4. Nc3 Nf6 5. d3 Be7 6. h3 O-O 7. O-O h6 8. Re1
Bd7 9. Be3 a6 10. Bc4 b5 11. Bb3 Re8 12. a3 Qc8 13. Nh2 Nd4 14. Bxd4 exd4 15.
Nd5 Nxd5 16. Bxd5 c6 17. Ba2 Qc7 18. Qf3 Bf6 19. Rac1 Re7 20. c3 dxc3 21. bxc3
Rae8 22. d4 c5 23. d5 Bg5 24. Rc2 Qc8 25. Rce2 c4 26. Qg3 Bf5 27. Bb1 Bg6 28.
Qxd6 Bh5 29. g4 Bg6 30. Qg3 Bf6 31. f4 Qc5+ 32. Kh1 Rd7 33. f5 Bh7 34. e5 Bd8
35. d6 Qxa3 36. Be4 Qc5 37. e6 fxe6 38. fxe6 Bxe4+ 39. Rxe4 Rxd6 40. e7 Bc7 41.
Qf3 Rf6 42. Qd1 Bxh2 43. Qd7 Qc6 44. Qxc6 Rxc6 45. Kxh2 Kf7 46. Rf1+ Kg6 47.
Rf8 Rcc8 48. Rf5 Rc7 49. Re6+ Kh7 1/2-1/2

[Event "2024 Mary Thomson Cup (Division C)"]
[Site "Woodvale, Perth WA AUS"]
[Date "2024.01.31"]
[Round "1"]
[White "Oswald, Franz"]
[Black "Michael, Ashley"]
[Result "1-0"]
[ECO "A57"]
[WhiteElo "1693"]
[BlackElo "1560"]
[PlyCount "107"]
[EventDate "2024.01.31"]
[EventType "tourn"]
[EventRounds "7"]
[EventCountry "AUS"]
[TimeControl "3600+30"]

1. d4 Nf6 2. c4 c5 3. d5 b5 4. cxb5 a6 5. e3 g6 6. Nc3 Bg7 7. Nf3 d6 8. Be2 O-O
9. O-O Bf5 10. Nd2 axb5 11. Bxb5 Na6 12. e4 Bd7 13. f3 Bxb5 14. Nxb5 Qb6 15. a4
c4+ 16. Kh1 Rfc8 17. Nb1 Nb4 18. Qd4 Nfxd5 19. Qxb6 Nxb6 20. a5 Nd3 21. N1c3
Nd7 22. Ra3 Rcb8 23. Nc7 N7c5 24. Nxa8 Nxc1 25. Nb6 N1d3 26. Nxc4 Nxb2 27. Nxb2
Rxb2 28. Nd5 Na6 29. Nxe7+ Kf8 30. Nd5 Bd4 31. h3 Bc5 32. Ra4 h5 33. Rd1 Ke8
34. Nf4 Rb5 35. Nd5 Rb2 36. Nb6 Bxb6 37. axb6 Rxb6 38. Rda1 Nc7 39. Ra7 Kd7 40.
Rc1 Rc6 41. Rxc6 Kxc6 42. Kg1 f6 43. Kf2 Ne8 44. Ke3 g5 45. g3 Nc7 46. f4 g4
47. hxg4 hxg4 48. Ra1 Kd7 49. f5 d5 50. Rb1 Kd6 51. Rb6+ Ke5 52. Rc6 d4+ 53.
Kd3 Na6 54. Re6# 1-0

[Event "2024 Mary Thomson Cup (Division C)"]
[Site "Woodvale, Perth WA AUS"]
[Date "2024.01.31"]
[Round "1"]
[White "Browning, Thomas"]
[Black "Hintz, Steven"]
[Result "1/2-1/2"]
[ECO "B12"]
[WhiteElo "1644"]
[BlackElo "1581"]
[PlyCount "83"]
[EventDate "2024.01.31"]
[EventType "tourn"]
[EventRounds "7"]
[EventCountry "AUS"]
[TimeControl "3600+30"]

1. e4 c6 2. Nf3 d5 3. e5 Bf5 4. d4 e6 5. Bg5 Qb6 6. b3 h6 7. Be3 Nd7 8. Bd3
Bxd3 9. Qxd3 c5 10. c3 a6 11. O-O cxd4 12. cxd4 Ne7 13. Nc3 Nc6 14. Nh4 Ne7 15.
f4 g6 16. Rac1 Bg7 17. Nf3 O-O 18. h4 h5 19. Qd1 Nf5 20. Bf2 Nh6 21. Nh2 Qd8
22. g4 hxg4 23. Nxg4 Nf5 24. Rc2 Rc8 25. h5 gxh5 26. Nh2 Bh6 27. Kh1 Ng7 28.
Rg1 Kh8 29. Rxg7 Kxg7 30. Qxh5 f5 31. Bh4 Qe8 32. Rg2+ Kh7 33. Qf3 Rg8 34. Bg5
Bxg5 35. fxg5 Rg6 36. Ne2 Kg7 37. Nf4 Rc1+ 38. Nf1 Nf8 39. Nxg6 Qxg6 40. Kg1
Nh7 41. Qe3 Rc7 42. Qd2 1/2-1/2

[Event "2024 Mary Thomson Cup (Division C)"]
[Site "Woodvale, Perth WA AUS"]
[Date "2024.01.31"]
[Round "1"]
[White "Akers, Gerard"]
[Black "Curtis, Calan"]
[Result "1-0"]
[ECO "C02"]
[WhiteElo "1643"]
[BlackElo "1628"]
[PlyCount "53"]
[EventDate "2024.01.31"]
[EventType "tourn"]
[EventRounds "7"]
[EventCountry "AUS"]
[TimeControl "3600+30"]

1. e4 e6 2. d4 d5 3. e5 c5 4. c3 Qb6 5. Nf3 Nc6 6. Bd3 cxd4 7. cxd4 Bd7 8. O-O
Nxd4 9. Nxd4 Qxd4 10. Nc3 a6 11. Re1 Nh6 12. Be3 Qb4 13. Rb1 d4 14. a3 Qc5 15.
Ne4 Qxe5 16. Bd2 Rc8 17. Qf3 Be7 18. Ng5 Qf6 19. Qxb7 Nf5 20. Rbc1 Nd6 21. Qxa6
g6 22. Rxc8+ Bxc8 23. Qa4+ Bd7 24. Qd1 O-O 25. Nf3 Bb5 26. Bg5 Qg7 27. Bxe7 1-0

[Event "2024 Mary Thomson Cup (Division D)"]
[Site "Woodvale, Perth WA AUS"]
[Date "2024.03.13"]
[Round "1"]
[White "Leech, Martin"]
[Black "Hounsome, David"]
[Result "1-0"]
[ECO "C10"]
[WhiteElo "1547"]
[BlackElo "1406"]
[PlyCount "67"]
[EventDate "2024.01.31"]
[EventType "tourn"]
[EventRounds "7"]
[EventCountry "AUS"]
[TimeControl "3600+30"]

1. e4 e6 2. d4 d5 3. Nd2 dxe4 4. Nxe4 Nd7 5. Nf3 Ngf6 6. Bd3 Nxe4 7. Bxe4 Nf6
8. Bd3 b6 9. Bg5 Be7 10. Bxf6 Bxf6 11. Be4 Rb8 12. O-O Bb7 13. Qd3 Bxe4 14.
Qxe4 O-O 15. Rad1 Qe7 16. c3 Rfd8 17. Rfe1 Rd6 18. Ne5 Bxe5 19. dxe5 Rxd1 20.
Rxd1 Rd8 21. Rd3 c5 22. Kf1 Rxd3 23. Qxd3 g6 24. f4 Qh4 25. Qg3 Qxg3 26. hxg3
Kg7 27. a4 f5 28. Ke2 h6 29. Kd3 g5 30. Kc4 a6 31. a5 bxa5 32. Kxc5 Kg6 33. Kd6
Kf7 34. Kd7 1-0

[Event "2024 Mary Thomson Cup (Division D)"]
[Site "Woodvale, Perth WA AUS"]
[Date "2024.01.31"]
[Round "1"]
[White "Weijermars, Tristan"]
[Black "Walker, Colin"]
[Result "1-0"]
[ECO "D60"]
[WhiteElo "1515"]
[BlackElo "1429"]
[PlyCount "81"]
[EventDate "2024.01.31"]
[EventType "tourn"]
[EventRounds "7"]
[EventCountry "AUS"]
[TimeControl "3600+30"]

1. d4 d5 2. c4 Nf6 3. Nc3 e6 4. Bg5 Be7 5. Nf3 c6 6. e3 O-O 7. Qc2 h6 8. Bh4
dxc4 9. Bxc4 Nd5 10. Bxe7 Qxe7 11. O-O Nd7 12. Rac1 Nxc3 13. bxc3 Nb6 14. Bd3
Nd5 15. Rfd1 b5 16. Ne5 Qe8 17. a3 a6 18. c4 bxc4 19. Qxc4 Ne7 20. Nxc6 Nxc6
21. Qxc6 Bd7 22. Qb7 a5 23. Rc7 Rd8 24. Rb1 Ba4 25. Bb5 Bxb5 26. Qxb5 Qxb5 27.
Rxb5 Rb8 28. Rcb7 Ra8 29. Rc5 Rfb8 30. Rbb5 Rxb5 31. Rxb5 Ra7 32. Kf1 g5 33.
Ke2 Kf8 34. Kf3 f5 35. d5 Ke7 36. dxe6 Kxe6 37. Rb6+ Ke5 38. Rxh6 Rc7 39. Ra6
g4+ 40. Kg3 Rc5 41. h4 1-0

[Event "2024 Mary Thomson Cup (Division D)"]
[Site "Woodvale, Perth WA AUS"]
[Date "2024.01.31"]
[Round "1"]
[White "Boswarva, Ernest"]
[Black "Nauom, Rafik"]
[Result "0-1"]
[ECO "A41"]
[WhiteElo "1497"]
[BlackElo "1445"]
[PlyCount "30"]
[EventDate "2024.01.31"]
[EventType "tourn"]
[EventRounds "7"]
[EventCountry "AUS"]
[TimeControl "3600+30"]

1. d4 d6 2. e3 e5 3. dxe5 Nc6 4. Bb5 Bd7 5. Nf3 a6 6. Bc4 Nxe5 7. Nxe5 dxe5 8.
Qf3 Nf6 9. Qxb7 Bd6 10. Bxa6 O-O 11. Bc4 e4 12. Nc3 Qe7 13. Nd5 Nxd5 14. Qxd5
Be5 15. Qxe4 Bc3+ 0-1

[Event "2024 Mary Thomson Cup (Division D)"]
[Site "Woodvale, Perth WA AUS"]
[Date "2024.01.31"]
[Round "1"]
[White "Hagendoorn, Mark"]
[Black "Knight, Charles"]
[Result "0-1"]
[ECO "B12"]
[WhiteElo "1483"]
[BlackElo "1474"]
[PlyCount "48"]
[EventDate "2024.01.31"]
[EventType "tourn"]
[EventRounds "7"]
[EventCountry "AUS"]
[TimeControl "3600+30"]

1. e4 c6 2. d4 d5 3. e5 c5 4. c3 Nc6 5. f4 cxd4 6. cxd4 Nh6 7. Bb5 Bg4 8. Bxc6+
bxc6 9. Ne2 Nf5 10. Qc2 Qb6 11. Qc5 Qxc5 12. dxc5 e6 13. b4 Bxe2 14. Kxe2 a5
15. Bd2 axb4 16. Bxb4 Ra4 17. a3 Nd4+ 18. Kd3 Nb3 19. Ra2 Nxc5+ 20. Ke3 Ne4 21.
Bxf8 Rxf8 22. Rc1 Kd7 23. Nc3 Nxc3 24. Rac2 d4+ 0-1

[Event "2024 Mary Thomson Cup (Division E)"]
[Site "Woodvale, Perth WA AUS"]
[Date "2024.01.31"]
[Round "1"]
[White "Otis, Max"]
[Black "Dawoud, Ahmad"]
[Result "1-0"]
[ECO "C27"]
[WhiteElo "1348"]
[BlackElo "1150"]
[PlyCount "81"]
[EventDate "2024.01.31"]
[EventType "swiss"]
[EventRounds "7"]
[EventCountry "AUS"]
[TimeControl "3600+30"]

1. e4 e5 2. Nc3 Bc5 3. Bc4 Nf6 4. d3 d6 5. Na4 Bb6 6. Nxb6 axb6 7. h3 d5 8.
exd5 Nxd5 9. Nf3 Qd6 10. O-O O-O 11. Re1 Nc6 12. a3 Re8 13. Bg5 Nf6 14. Qd2 Bd7
15. Re3 Nd4 16. Rae1 Nxf3+ 17. Rxf3 e4 18. dxe4 Qxd2 19. Bxd2 Bc6 20. Rfe3 Nxe4
21. Bb4 Nd6 22. Bxd6 cxd6 23. Re7 Rxe7 24. Rxe7 d5 25. Ba2 Kf8 26. Re3 b5 27.
Rd3 Rd8 28. c4 bxc4 29. Bxc4 b5 30. Ba2 f6 31. f4 Kf7 32. f5 g6 33. fxg6+ hxg6
34. Rc3 Rd6 35. Rxc6 Ke6 36. Rxd6+ Kxd6 37. b4 d4 38. Kf2 Ke5 39. Ke2 Ke4 40.
Bb1+ Ke5 41. Bxg6 1-0

[Event "2024 Mary Thomson Cup (Division E)"]
[Site "Woodvale, Perth WA AUS"]
[Date "2024.01.31"]
[Round "1"]
[White "Owen, Geoff"]
[Black "Powell, Darren"]
[Result "1-0"]
[ECO "C00"]
[WhiteElo "1104"]
[BlackElo "1303"]
[PlyCount "55"]
[EventDate "2024.01.31"]
[EventType "swiss"]
[EventRounds "7"]
[EventCountry "AUS"]
[TimeControl "3600+30"]

1. Nf3 e6 2. e4 b6 3. Nc3 a6 4. d4 Bb4 5. Bd2 h6 6. a3 Be7 7. b4 c5 8. b5 Bb7
9. Bc4 cxd4 10. Nxd4 Bc5 11. Be3 Nf6 12. e5 Ne4 13. Nxe4 d5 14. exd6 Bxe4 15.
Qg4 Bg6 16. Nxe6 Qf6 17. Nc7+ Kd8 18. O-O Bf5 19. Qf3 Ra7 20. bxa6 Nd7 21. Bxc5
Nxc5 22. Rfe1 Ne4 23. Nd5 Qg5 24. Bb5 Nxd6 25. Nxb6 Qf6 26. Rad1 Re7 27. Qa8+
Kc7 28. Nd5# 1-0

[Event "2024 Mary Thomson Cup (Division E)"]
[Site "Woodvale, Perth WA AUS"]
[Date "2024.01.31"]
[Round "1"]
[White "Lanham, Bruce"]
[Black "Markou, Victor"]
[Result "1-0"]
[ECO "E60"]
[WhiteElo "1255"]
[BlackElo "1004"]
[PlyCount "83"]
[EventDate "2024.01.31"]
[EventType "swiss"]
[EventRounds "7"]
[EventCountry "AUS"]
[TimeControl "3600+30"]

1. Nf3 d6 2. d4 Nf6 3. g3 g6 4. Bg2 Bg7 5. O-O O-O 6. c4 Nbd7 7. b3 Re8 8. Nc3
b6 9. Nd2 Rb8 10. e3 c5 11. Bb2 e5 12. dxe5 dxe5 13. Nce4 Bb7 14. Nd6 Bxg2 15.
Nxe8 Bxf1 16. Nxf6+ Nxf6 17. Nxf1 Qe7 18. Qc2 Rd8 19. Rd1 Ne8 20. Rxd8 Qxd8 21.
Qd2 Qc7 22. e4 Nd6 23. Qd5 Qe7 24. Nd2 Kh8 25. f3 f5 26. Kf2 Qf8 27. Bxe5 fxe4
28. Bxg7+ Kxg7 29. Qe5+ Kg8 30. Qe6+ Nf7 31. Nxe4 Kh8 32. f4 g5 33. Qf6+ Qg7
34. Qxg7+ Kxg7 35. f5 Nh6 36. f6+ Kf7 37. Kf3 Ng8 38. Nxg5+ Kxf6 39. Ne4+ Kg6
40. Kf4 Ne7 41. g4 h6 42. h4 {Scoresheet not clear} 1-0

[Event "2024 Mary Thomson Cup (Division E)"]
[Site "Woodvale, Perth WA AUS"]
[Date "2024.01.31"]
[Round "1"]
[White "Overste, Brian"]
[Black "Gough, Sebastian"]
[Result "1-0"]
[ECO "B07"]
[WhiteElo "981"]
[BlackElo "1206"]
[PlyCount "64"]
[EventDate "2024.01.31"]
[EventType "swiss"]
[EventRounds "7"]
[EventCountry "AUS"]
[TimeControl "3600+30"]

1. e4 Nf6 2. Nc3 d6 3. Bc4 c6 4. Nf3 g6 5. Ng5 e6 6. Qf3 Nbd7 7. d4 Qe7 8. O-O
Bg7 9. a4 a6 10. b3 O-O 11. Ba3 h6 12. e5 hxg5 13. Bxd6 Qd8 14. Bxf8 Qxf8 15.
exf6 Bxf6 16. Qg4 Qg7 17. Ne2 Nc5 18. Rad1 e5 19. Qf3 g4 20. Qe3 exd4 21. Qe8+
Kh7 22. Bxf7 Qh8 23. Bxg6+ Kh6 24. Qxh8+ Bxh8 25. Bd3 b5 26. a5 Be6 27. Nf4
Nxd3 28. Nxe6 Nb4 29. Nxd4 c5 30. Nf5+ Kg5 31. Ng3 Nxc2 32. Ne4+ Kf4 1-0

[Event "2024 Mary Thomson Cup (Division E)"]
[Site "Woodvale, Perth WA AUS"]
[Date "2024.01.31"]
[Round "1"]
[White "Young, Manfred"]
[Black "Rennie, Mike"]
[Result "1-0"]
[ECO "D00"]
[WhiteElo "1205"]
[BlackElo "962"]
[PlyCount "59"]
[EventDate "2024.01.31"]
[EventType "swiss"]
[EventRounds "7"]
[EventCountry "AUS"]
[TimeControl "3600+30"]

1. d4 d5 2. Nf3 e6 3. Nc3 Nf6 4. h3 Bb4 5. Bd2 O-O 6. Bg5 Nc6 7. a3 Be7 8. e3
a6 9. Bd3 g6 10. O-O b5 11. h4 Na5 12. Ne5 h6 13. Bxh6 Kh7 14. Bxf8 Qxf8 15.
Ne2 Nc4 16. Nf4 Nxb2 17. Nfxg6 Qg7 18. Nxe7+ Ne4 19. Qh5+ Qh6 20. Bxe4+ dxe4
21. Qxf7+ Qg7 22. Qh5+ Qh6 23. Qg4 Bb7 24. Nf7 Qf6 25. Qh5+ Kg7 26. Ng5 Qxe7
27. Qh7+ Kf6 28. Qh6+ Kf5 29. Nxe6 Qxe6 30. Qg5# 1-0

[Event "2024 Mary Thomson Cup (Division E)"]
[Site "Woodvale, Perth WA AUS"]
[Date "2024.01.31"]
[Round "1"]
[White "May, Wendy"]
[Black "Porteus, Grant"]
[Result "0-1"]
[ECO "B12"]
[WhiteElo "899"]
[BlackElo "1184"]
[PlyCount "66"]
[EventDate "2024.01.31"]
[EventType "swiss"]
[EventRounds "7"]
[EventCountry "AUS"]
[TimeControl "3600+30"]

1. e4 c6 2. d4 d5 3. e5 c5 4. c4 e6 5. Nf3 a6 6. Bg5 Qb6 7. b3 Nc6 8. Nc3 cxd4
9. cxd5 dxc3 10. dxc6 Qa5 11. Qc2 b5 12. Be2 b4 13. O-O Ne7 14. Nd4 Qxe5 15.
Be3 Nd5 16. f4 Qxe3+ 17. Rf2 Qxd4 18. Rd1 Qb6 19. f5 Ne3 20. c7 Qxc7 21. Qe4
Nxd1 22. Bxd1 Bb7 23. Qc2 Bc5 24. Kf1 Bxf2 25. Qxf2 Rd8 26. fxe6 Rd2 27. Qxd2
cxd2 28. Ke2 O-O 29. Kxd2 Rd8+ 30. Ke1 Qe5+ 31. Be2 Bxg2 32. Kf2 Qxh2 33. e7
Re8 0-1

[Event "2024 Mary Thomson Cup (Division E)"]
[Site "Woodvale, Perth WA AUS"]
[Date "2024.01.31"]
[Round "1"]
[White "Frankland, David"]
[Black "Herbst, Michael"]
[Result "1-0"]
[ECO "C02"]
[WhiteElo "1174"]
[BlackElo "879"]
[PlyCount "73"]
[EventDate "2024.01.31"]
[EventType "swiss"]
[EventRounds "7"]
[EventCountry "AUS"]
[TimeControl "3600+30"]

1. e4 e6 2. d4 d5 3. e5 c5 4. Bb5+ Bd7 5. Bxd7+ Qxd7 6. Nf3 Nc6 7. Be3 Nge7 8.
g4 Ng6 9. c3 cxd4 10. cxd4 Bb4+ 11. Nc3 O-O 12. a3 Be7 13. Qd3 Na5 14. Qb5 Qxb5
15. Nxb5 Nc4 16. b3 Nxe3 17. fxe3 a6 18. Nc3 Rac8 19. Ne2 f6 20. O-O fxe5 21.
dxe5 Bc5 22. Ned4 Rc7 23. b4 Ba7 24. Nxe6 Bxe3+ 25. Kh1 Rxf3 26. Rxf3 Rc3 27.
Raf1 h6 28. Rf7 Rc1 29. Rxg7+ Kh8 30. Rxc1 Bxc1 31. Rxg6 b5 32. Nc7 d4 33. Rd6
Bxa3 34. Rxd4 Bb2 35. Rd5 Kg7 36. e6 Kf8 37. Rd7 1-0

[Event "2024 Mary Thomson Cup (Division A)"]
[Site "Woodvale, Perth WA AUS"]
[Date "2024.02.07"]
[Round "2"]
[White "Elkington, Derek"]
[Black "Clarke, Daniel"]
[Result "0-1"]
[ECO "C55"]
[WhiteElo "1896"]
[BlackElo "1922"]
[PlyCount "80"]
[EventDate "2024.01.31"]
[EventType "tourn"]
[EventRounds "7"]
[EventCountry "AUS"]
[TimeControl "3600+30"]

1. e4 e5 2. Nf3 Nc6 3. Bc4 Nf6 4. d3 Be7 5. Nc3 d6 6. a4 Bg4 7. h3 Bh5 8. g4
Bg6 9. Be3 Qd7 10. Nd5 h5 11. Nxf6+ gxf6 12. Rg1 hxg4 13. hxg4 O-O-O 14. c3 Rh3
15. b4 Kb8 16. a5 Rdh8 17. b5 Nd8 18. b6 a6 19. bxc7+ Qxc7 20. Bb6 Qc8 21. Rb1
Bxe4 22. Bxd8 Bxf3 23. Qxf3 Rxf3 24. Bxe7 Qd7 25. Bd5 Rxd3 26. Bxb7 Qxb7 27.
Rxb7+ Kxb7 28. Bxf6 Rc8 29. Ke2 Rdxc3 30. Rb1+ Ka8 31. Be7 Rc2+ 32. Kf3 R2c6
33. Rd1 Re8 34. Bf6 Kb7 35. g5 Kc7 36. Rd5 Rb8 37. Rd3 Rb5 38. Ra3 Rcc5 39. Be7
Rxa5 40. Rd3 e4+ 0-1